 Dungeon Crawl Stone Soup version 0.18.1-5-g4a78601 (webtiles) character file.

3708 Gingerlord the Envoy of Void (level 10, -3/79 HPs)
             Began as a Formicid Abyssal Knight on May 11, 2016.
             Was a High Priest of Lugonu.
             Killed by the air
             ... invoked by Gastronok
              (22 damage)
             ... on level 8 of the Dungeon.
             The game lasted 00:16:20 (8514 turns).

Gingerlord the Envoy of Void (FoAK)                 Turns: 8514, Time: 00:16:22

Health: -3/79      AC: 17    Str: 21    XL:     10   Next: 36%
Magic:  0/16       EV:  8    Int: 11    God:    Lugonu [*****.]
Gold:   435        SH:  0    Dex: 12    Spells: 0 memorised, 9 levels left

rFire  x . .     SeeInvis +     v - +2 quarterstaff (chaos)
rCold  + . .     Gourm    .     F - +0 plate armour
rNeg   . . .     Faith    .     (no shield)
rPois  .         Spirit   +     (helmet unavailable)
rElec  .         Dismiss  .     w - +0 cloak
rCorr  .         Reflect  .     (no gloves)
SustAt .         Harm     .     (no boots)
MR     +....                    h - amulet of guardian spirit
Stlth  ..........               H - ring of ice
                                u - +3 ring of protection

@: somewhat resistant to hostile enchantments, extremely unstealthy
A: permanent stasis, dig shafts and tunnels, four strong arms, antennae 3,
strong 1
a: Dig, Shaft Self, Depart the Abyss, Bend Space, Banish, Corrupt, Enter the
Abyss, Renounce Religion


You were on level 8 of the Dungeon.
You worshipped Lugonu.
Lugonu was extremely pleased with you.
You were not hungry.

You visited 1 branch of the dungeon, and saw 8 of its levels.
You visited the Abyss 1 time.
You also visited: Sewer.

You collected 435 gold pieces.

Inventory:

Hand Weapons
 a - a +1 falchion
 v - a +2 quarterstaff of chaos (weapon)
Armour
 w - a +0 cloak (worn)
 F - a +0 plate armour (worn)
Jewellery
 h - an amulet of guardian spirit (around neck)
 u - a +3 ring of protection (left hand)
 H - a ring of ice (right hand)
Wands
 q - a wand of lightning (6/15)
Scrolls
 b - 2 scrolls of noise {unknown}
 d - a scroll of vulnerability {unknown}
 g - a scroll of magic mapping {unknown}
 i - a scroll of enchant weapon {unknown}
 j - 4 scrolls of remove curse
 m - 3 scrolls of fear
 o - a scroll of fog {unknown}
 s - a scroll of immolation {unknown}
 y - a scroll of recharging {unknown}
 A - 2 scrolls of random uselessness {unknown}
 D - 3 scrolls of amnesia {unknown}
 E - 2 scrolls of enchant armour {unknown}
Potions
 f - a potion of haste {unknown}
 k - a potion of magic {unknown}
 l - 3 potions of heal wounds
 p - 2 potions of brilliance
 r - 4 potions of curing
 t - 2 potions of lignification
 z - 3 potions of invisibility
 B - a potion of cancellation
 G - a potion of cure mutation
Comestibles
 c - 2 bread rations
 x - 3 meat rations


   Skills:
 + Level 7.6 Fighting
 + Level 6.5 Long Blades
 + Level 7.4 Armour
 + Level 5.5 Dodging
 + Level 8.4 Invocations


You had 9 spell levels left.
You didn't know any spells.

Dungeon Overview and Level Annotations

Branches:
Dungeon (8/15)             Temple (0/1) D:4
   Lair: D:8-11

Altars:
Ashenzari
Cheibriados
Gozag
Kikubaaqudgha
Pakellas
Ru
Trog
Vehumet
Yredelemnul
Beogh

Annotations:
D:8 exclusion: statue, Gastronok


Innate Abilities, Weirdness & Mutations

You are under a permanent stasis effect.
You can dig through walls and to a lower floor.
Your four strong arms can wield two-handed weapons with a shield.
You have a pair of large antennae on your head (SInv).
Your muscles are strong. (Str +2)


Message History

The helpless Gastronok fails to defend himself.
You sock Gastronok!
Gastronok's magic leaks into the air.
Gastronok is lightly wounded.
The bat barely misses you.
The helpless Gastronok fails to defend himself.
You sock Gastronok!
Gastronok is moderately wounded.
The bat hits you but does no damage.
You sock Gastronok!
Gastronok is moderately wounded.
The bat barely misses you. The bat hits you but does no damage.
Unknown command.
Gastronok is no longer petrified.
The bat hits you but does no damage. x2
The bat hits you but does no damage.
Gastronok's eyestalks quiver as he mumbles some strange words.
Your legs wobble like jelly.
The bat hits you but does no damage.
Gastronok waves his eye-stalks in wide circles.
The air twists around and strikes you!
You die...

##..###...>#
##..###....# {
#....#.....#
#....#.....# ...
#....#.....# ...
#....#.....# ### #.#
##...###...#
.##..##.####b..###'###
........#...@........#
........#............#
........#............#
.......)#w...........#
........'............#
#+#####+####....####...#
#........###########...#
+........#.......#.....#
#........#.............#


You could see Gastronok and a bat.

Vanquished Creatures
  Pikel (D:7)
  Menkaure (D:7)
  A hippogriff (D:7)
  2 ice beasts
  An orc warrior (D:6)
  2 sky beasts
  The ghost of Chaotic the Skirmisher, an amateur MiBe of Trog (D:4)
  A black bear (D:7)
  A phantom (D:4)
  2 centaurs
  5 ogres
  3 giant frogs
  3 killer bees (D:7)
  6 howler monkeys
  4 crimson imps
  A centaur skeleton (D:4)
  3 hounds
  Crazy Yiuf (D:3)
  A jelly (D:5)
  4 orc priests
  An iguana (D:5)
  5 orc wizards
  7 worker ants
  A hound skeleton (D:4)
  12 adders
  5 river rats (Sewer)
  A shadow imp (D:5)
  3 adder skeletons
  An adder zombie (D:7)
  2 dart slugs (D:1)
  5 worms
  4 giant geckos
  38 orcs
  4 bats
  6 giant cockroaches
  12 goblins
  8 hobgoblins
  15 jackals
  3 quokkas
  3 ball pythons
  11 giant newts
  11 kobolds
  2 quokka skeletons
  13 rats
  A plant (D:1)
218 creatures vanquished.

Vanquished Creatures (others)
  A slave (D:7)
  A centaur (D:7)
  2 giant frogs (D:7)
  A lightning spire (D:4)
  An orc (D:7)
  A bush (D:4)
7 creatures vanquished.

Grand Total: 225 creatures vanquished

Notes
Turn   | Place    | Note
--------------------------------------------------------------
     0 | Abyss:1  | Gingerlord the Formicid Abyssal Knight began the quest for the Orb.
     0 | Abyss:1  | Reached XP level 1. HP: 18/18 MP: 2/2
    90 | Abyss:1  | Noticed a hellwing
    91 | D:1      | Escaped the Abyss
   209 | D:1      | Reached skill level 1 in Dodging
   210 | D:1      | Reached XP level 2. HP: 14/24 MP: 3/3
   272 | D:1      | Reached * piety under Lugonu
   470 | D:1      | Reached XP level 3. HP: 12/30 MP: 4/4
  1372 | D:2      | Reached ** piety under Lugonu
  1543 | D:2      | Reached XP level 4. HP: 37/37 MP: 5/5
  2150 | D:3      | Reached skill level 3 in Invocations
  2172 | D:3      | Reached XP level 5. HP: 18/42 MP: 7/7
  2292 | D:3      | Found a bloodstained altar of Trog.
  2354 | D:3      | Found a glowing drain.
  2548 | Sewer    | Entered a sewer
  2663 | Sewer    | Reached *** piety under Lugonu
  2697 | Sewer    | Gained mutation: Your muscles are strong. (Str +2) [potion of beneficial mutation]
  2869 | Sewer    | Reached XP level 6. HP: 49/49 MP: 8/8
  2999 | Sewer    | Noticed Trevise's ghost (amateur DEFE)
  3283 | D:3      | Found a faded altar to an unknown god.
  3346 | D:3      | Reached skill level 4 in Invocations
  3447 | D:3      | Noticed Crazy Yiuf
  3500 | D:3      | Killed Crazy Yiuf
  3679 | D:3      | Found a roughly hewn altar of Beogh.
  3864 | D:3      | Reached **** piety under Lugonu
  3864 | D:3      | Reached XP level 7. HP: 53/55 MP: 10/10
  3872 | D:3      | Found a shattered altar of Ashenzari.
  4553 | D:4      | Noticed Chaotic's ghost (amateur MiBe)
  4917 | D:4      | Reached skill level 5 in Fighting
  4936 | D:4      | Killed Chaotic's ghost
  4936 | D:4      | Reached skill level 5 in Invocations
  4936 | D:4      | Reached XP level 8. HP: 46/62 MP: 11/11
  4966 | D:4      | Found a staircase to the Ecumenical Temple.
  5060 | D:4      | Found an oddly glowing altar of Pakellas.
  5061 | D:4      | Noticed a cyclops
  5238 | D:5      | Entered Level 5 of the Dungeon
  5274 | D:5      | Reached skill level 5 in Armour
  5366 | D:5      | Found an ancient bone altar of Kikubaaqudgha.
  5692 | D:5      | Reached skill level 6 in Invocations
  5869 | D:5      | Reached skill level 5 in Long Blades
  5869 | D:5      | Reached XP level 9. HP: 52/69 MP: 13/13
  5873 | D:5      | Reached ***** piety under Lugonu
  6690 | D:6      | Reached skill level 7 in Invocations
  6692 | D:6      | Found a sacrificial altar of Ru.
  6999 | D:6      | Found an opulent altar of Gozag.
  7212 | D:7      | Found a snail-covered altar of Cheibriados.
  7330 | D:7      | Noticed Pikel
  7355 | D:7      | Killed Pikel
  7615 | D:7      | Reached XP level 10. HP: 71/79 MP: 12/15
  7684 | D:7      | Reached skill level 5 in Dodging
  7693 | D:7      | Reached skill level 8 in Invocations
  7836 | D:7      | Noticed Menkaure
  7841 | D:7      | Killed Menkaure
  8041 | D:7      | Found a basalt altar of Yredelemnul.
  8399 | D:8      | Found a radiant altar of Vehumet.
  8483 | D:8      | Noticed Gastronok
  8514 | D:8      | Killed from afar by Gastronok

Skill      XL: |  1  2  3  4  5  6  7  8  9 10 |
---------------+-------------------------------+-----
Dodging        | 1 2 3 4 5 |  5.5
Fighting       | 4 5 7 |  7.6
Armour         | 3 4 5 6 7 |  7.4
Invocations    | 3 4 5 6 7 8 |  8.4
Long Blades    | 3 4 5 6 |  6.5

Action                   |  1- 3 |  4- 6 |  7- 9 | 10-12 || total
-------------------------+-------+-------+-------+-------++-------
Melee: Falchion          |   159 |   245 |       |       ||   404
       Quarterstaff      |       |    37 |   357 |   114 ||   508
Invok: Depart the Abyss  |     1 |       |       |       ||     1
       Bend Space        |       |       |     1 |       ||     1
 Abil: Dig               |       |     3 |       |       ||     3
Evoke: Wand              |       |     1 |       |       ||     1
  Use: Scroll            |     1 |       |     7 |       ||     8
       Potion            |       |     6 |       |       ||     6
 Stab: Petrifying        |       |     1 |       |     1 ||     2
       Paralysed         |       |       |     4 |       ||     4
       Petrified         |       |       |       |     2 ||     2
  Eat: Chunk             |     2 |     4 |    11 |     3 ||    20
       Beef jerky        |       |     1 |     1 |       ||     2
       Bread ration      |       |     1 |       |       ||     1
Armor: Ring mail         |    15 |       |       |       ||    15
       Chain mail        |    97 |   206 |   249 |       ||   552
       Plate armour      |       |       |   110 |   119 ||   229
Dodge: Dodged            |    84 |   136 |   226 |    75 ||   521
